 Dungeon Crawl Stone Soup version 0.31-a0-237-g2d982f9f85 (webtiles) character file.

Game seed: 8868677157493273374

5871 vineage the Fighter (level 10, -3/97 (102) HPs)
             Began as a Gargoyle Fighter on July 11, 2023.
             Was a Priest of Okawaru.
             Slain by an orc warrior
             ... wielding a +0 glaive
              (10 damage)
             ... on level 10 of the Dungeon.
             The game lasted 00:09:53 (8738 turns).

vineage the Fighter (Gargoyle Fighter)              Turns: 8738, Time: 00:09:54

HP:   -3/97 (102)   AC: 28    Str: 23    XL:     10   Next: 81%
MP:   10/12         EV:  2    Int: 10    God:    Okawaru [***...]
Gold: 330           SH: 12    Dex:  9    Spells: 9/9 levels left

rFire   . . .        u - +0 morningstar
rCold   . . .        m - +1 kite shield {AC+3}
rNeg    + . .        h - melded +0 chain mail
rPois   ∞            s - melded +1 hat
rElec   .            (cloak currently unavailable)
rCorr   .            (gloves currently unavailable)
SInv    .            (boots currently unavailable)
Will    .....        (no amulet)
Stlth   +++          (no ring)
HPRegen 0.36/turn    (no ring)
MPRegen 0.13/turn

%: no passive effects
@: mighty, tree-form, heroic, slowed, lightly drained, very slow
A: stationary, stasis, torment immunity, boosted hp, sickness immunity, AC +7,
negative energy resistance 1, (electricity resistance), torment resistance 1,
petrification resistance
a: Renounce Religion, Heroism


You were on level 10 of the Dungeon.
You worshipped Okawaru.
Okawaru was most pleased with you.
You were a tree.
You visited 2 branches of the dungeon, and saw 11 of its levels.

You collected 480 gold pieces.
You spent 150 gold pieces at shops.

Inventory:

Hand Weapons
 a - a +0 flail
 g - a +0 whip of electrocution
 u - a +0 morningstar (weapon)
Missiles
 x - a throwing net
Armour
 h - a +0 chain mail (melded)
 m - a +1 kite shield of protection (worn)
 s - a +1 hat (melded)
Jewellery
 w - a ring of fire
Wands
 o - a wand of iceblast (7)
 p - a wand of acid (7)
Scrolls
 b - a scroll of enchant armour
 k - a scroll of amnesia
 t - 2 scrolls of identify
 v - a scroll of butterflies {unknown}
Potions
 d - a potion of attraction
 e - a potion of curing
 l - 2 potions of cancellation {unknown}
 n - a potion of mutation {unknown}


   Skills:
 * Level 10.5(15.5) Fighting
 * Level 9.4(14.4) Maces & Flails
 + Level 7.6(12.6) Armour
 + Level 7.6(12.6) Shields
 - Level 2.8 Invocations


You had 9 spell levels left.
You didn't know any spells.
Your spell library contained the following spells:

 Spells                   Type           Power      Damage    Failure   Level
 Dazzling Flash           Conj/Hex       0%         N/A       88%         3
 Frozen Ramparts          Ice            0%         1d1       88%         3
 Volatile Blastmotes      Fire/Tloc      0%         2d10      88%         3
 Cause Fear               Hex            0%         N/A       99%         4
 Fulminant Prism          Conj/Hex       0%         3d5       99%         4
 Ice Form                 Ice/Tmut       0%         N/A       99%         4
 Iskenderun's Mystic Bla  Conj/Tloc      0%         2d3       99%         4
 Blade Hands              Tmut           0%         N/A       100%        5
 Irradiate                Conj/Tmut      0%         3d11      100%        5
 Lee's Rapid Deconstruct  Erth           0%         3d4*      100%        5
 Starburst                Conj/Fire      0%         6d3       100%        6
 Dragon Form              Tmut           0%         N/A       100%        7
 Summon Ice Beast         Ice/Summ       Unusable   N/A       N/A         4
 Dragon's Call            Summ           Unusable   N/A       N/A         9

Dungeon Overview and Level Annotations

Branches:
Dungeon (10/15)            Temple (1/1) D:4            Lair (0/5) D:9
    Orc: D:9-12

Altars:
Ashenzari
Cheibriados
Dithmenos
Elyvilon
Fedhas
Gozag
Hepliaklqana
Kikubaaqudgha
Makhleb
Nemelex Xobeh
Okawaru
Qazlal
Ru
Sif Muna
Trog
Uskayaw
Vehumet
Wu Jian
Xom
Yredelemnul
Zin
The Shining One

Shops:
D:4 *[(   D:5 (   D:8 =

Annotations:
D:10 Josephine


Innate Abilities, Weirdness & Mutations

You are a tree.
Your roots penetrate the ground, keeping you stationary.
You cannot be teleported.
You are immune to unholy pain and torment.
Your maximum health is greatly increased.
Your equipment is partially melded.
You are immune to sickness and miasma.
((Your stone body is resilient. (AC +7)))
You are immune to poison.
You resist negative energy. (rN+)
((You are resistant to electric shocks. (rElec)))
You are resistant to unholy torment.
You are immune to petrification.


Message History

The two-headed ogre barely misses you. Josephine hits you but does no damage.
You block the orc warrior's attack.
You gain the combat prowess of a mighty hero.
You can no longer speed up your combat.
Josephine hits you but does no damage.
An orc comes into view. It is wielding a +2 dagger of speed.
You block the orc warrior's attack. The two-headed ogre barely misses you.
The two-headed ogre hits you with a +0 giant club.
* * * LOW HITPOINT WARNING * * *
An orc and an orc priest come into view.
You feel very mighty all of a sudden.
The orc shouts!
The orc priest shouts!
You hear a roar!
You block Josephine's attack.
An orc comes into view. It is wielding a +0 dagger.
The orc warrior hits you from afar with a +0 glaive.
* * * LOW HITPOINT WARNING * * *
The orc warrior hits you but does no damage.
You block the two-headed ogre's attack.
The two-headed ogre hits you but does no damage.
Josephine hits you but does no damage. You block the orc's attack.
The orc priest moves out of view.
You feel better. The orc completely misses you. You block Josephine's attack.
An acid dragon comes into view.
The orc warrior barely misses you. The orc hits you but does no damage.
The two-headed ogre hits you with a +0 giant spiked club!
* * * LOW HITPOINT WARNING * * *
The two-headed ogre hits you but does no damage.
Really quaff the potion of lignification?
You turn into a tree.
Your +1 hat melds into your body.
Your +0 chain mail melds into your body.
Your roots penetrate the ground.
Josephine hits you but does no damage. You block the orc's attack.
The orc warrior hits you but does no damage.
You block the orc's attack.
The two-headed ogre hits you with a +0 giant spiked club.
* * * LOW HITPOINT WARNING * * *
The two-headed ogre hits you but does no damage.
The orc hits you but does no damage. Josephine hits you but does no damage.
The orc warrior hits you from afar with a +0 glaive!
You die...

........########
........#
.D......#
........#
........#
........#
.....o..#
######oo# #♣o#
#O@# #WT#
.....§§W§§......
.?...§§§§#####.#
########.# #T#
#.# #.#


You could see Josephine, a two-headed ogre, a troll, 2 wraiths, an orc warrior,
an acid dragon and 3 orcs.

Vanquished Creatures
  Pikel (D:4)
  Maurice (D:9)
  An unseen horror (D:6)
  2 trolls (D:9)
  Grinder (D:5)
  The ghost of vineage the Covered, an amateur GrFi (D:3)
  A wyvern (D:8)
  A wraith (D:10)
  2 steam dragons
  Menkaure (D:5)
  Grum (D:9)
  Edmund (D:5)
  A water moccasin (D:9)
  Duvessa (D:7)
  An ice beast (D:5)
  3 orc warriors
  A sky beast (D:8)
  A black bear (D:7)
  3 wolves (D:9)
  3 centaurs
  2 kobold brigands
  7 bullfrogs
  A gnoll sergeant (D:8)
  5 scorpions
  3 wights (D:8)
  Dowan (D:7)
  2 hounds
  3 jellies
  2 orc priests
  3 sleepcaps
  5 iguanas
  2 orc wizards
  4 gnolls (D:8)
  12 adders
  2 shadow imps
  2 white imps
  2 ufetubi
  2 dart slugs
  14 orcs
  7 bats
  9 endoplasms
  7 giant cockroaches
  8 goblins
  9 hobgoblins
  4 jackals (D:1)
  4 quokkas
  5 ball pythons
  2 frilled lizards
  22 kobolds
  3 rats
182 creatures vanquished.

Notes
Turn   | Place    | Note
-------+----------+-------------------------------------------
     0 | D:1      | vineage the Gargoyle Fighter began the quest for the Orb.
     0 | D:1      | Reached XP level 1. HP: 14/14 MP: 1/1
    42 | D:1      | Reached XP level 2. HP: 19/19 MP: 2/2
   321 | D:1      | Reached XP level 3. HP: 23/23 MP: 3/3
  1412 | D:3      | Reached XP level 4. HP: 23/29 MP: 4/4
  1572 | D:3      | Noticed a kobold brigand
  1575 | D:3      | Reached skill level 4 in Fighting
  1575 | D:3      | Noticed vineage's ghost (amateur GrFi)
  1576 | D:3      | Found a runed translucent gate.
  1579 | D:3      | Found a runed translucent gate.
  1579 | D:3      | Found a runed translucent gate.
  1602 | D:3      | Identified the +9 short sword of Fotzuetz {heavy, Fly rCorr
                  | Int-5}
  1684 | D:3      | Reached XP level 5. HP: 13/33 MP: 5/5
  2160 | D:3      | Killed a kobold brigand
  2184 | D:3      | Killed vineage's ghost
  2185 | D:3      | Reached skill level 5 in Fighting
  2185 | D:3      | Reached XP level 6. HP: 29/40 MP: 6/6
  2297 | D:4      | Found a staircase to the Ecumenical Temple.
  2313 | Temple   | Entered the Ecumenical Temple
  2612 | Temple   | Became a worshipper of Warmaster Okawaru
  2666 | D:4      | Found Qucw's Assorted Antiques.
  2668 | D:4      | Found Cumohiul's Antique Armour Boutique.
  2671 | D:4      | Found Niohego's Antique Weapon Shop.
  2778 | D:4      | Noticed Pikel
  2808 | D:4      | HP: 2/40 [Pikel/+0 whip of electrocution (8)]
  2816 | D:4      | Killed Pikel
  2816 | D:4      | Reached * piety under Okawaru
  2816 | D:4      | Reached ** piety under Okawaru
  2817 | D:4      | Reached skill level 6 in Fighting
  2817 | D:4      | Reached skill level 5 in Maces & Flails
  2817 | D:4      | Reached XP level 7. HP: 13/46 MP: 6/9
  2817 | D:4      | Reached XP level 8. HP: 14/51 MP: 6/10
  2832 | D:4      | Reached skill level 5 in Armour
  3201 | D:4      | Reached skill level 5 in Shields
  3683 | D:5      | Entered Level 5 of the Dungeon
  3683 | D:5      | Noticed Grinder
  3686 | D:5      | Paralysed by Grinder for 4 turns
  3695 | D:5      | Found Otysub's Antique Weapon Boutique.
  3695 | D:5      | Paralysed by Grinder for 2 turns
  3710 | D:5      | Paralysed by Grinder for 4 turns
  3726 | D:5      | Paralysed by Grinder for 2 turns
  3739 | D:5      | Killed Grinder
  3842 | D:5      | Noticed Edmund
  3842 | D:5      | Noticed Menkaure
  3852 | D:5      | Killed Edmund
  3853 | D:5      | Reached skill level 7 in Fighting
  3870 | D:5      | Killed Menkaure
  3870 | D:5      | Reached *** piety under Okawaru
  4100 | D:5      | Reached XP level 9. HP: 57/57 MP: 11/11
  4412 | D:6      | HP: 2/59 [something (4)]
  4417 | D:6      | Killed an unseen horror
  4418 | D:6      | Reached skill level 8 in Fighting
  4779 | D:6      | Found a shimmering altar of Xom.
  5210 | D:4      | Bought a runed kite shield for 150 gold pieces
  5422 | D:7      | Noticed Duvessa
  5422 | D:7      | Noticed Dowan
  5427 | D:7      | Killed Dowan
  5437 | D:7      | Killed Duvessa
  5932 | D:8      | Reached **** piety under Okawaru
  5987 | D:8      | Reached skill level 9 in Fighting
  6102 | D:8      | Reached XP level 10. HP: 61/66 MP: 12/12
  6168 | D:8      | Found Fitoc's Jewellery Shop.
  7028 | D:9      | Noticed Grum
  7398 | D:9      | Reached skill level 10 in Fighting
  7587 | D:9      | Reached ***** piety under Okawaru
  7801 | D:9      | Found a staircase to the Lair.
  7933 | D:9      | Killed Grum
  7956 | D:9      | Noticed Maurice
  8584 | D:9      | Killed Maurice
  8687 | D:10     | Entered Level 10 of the Dungeon
  8718 | D:10     | Noticed Josephine
  8726 | D:10     | Noticed a two-headed ogre
  8738 | D:10     | Slain by an orc warrior

Illustrated notes

Levels and vault maps discovered:
D:1:      dpeg_arrival_rhombus, layout_loops_ring, minmay_misc_feat_rows,
          grunt_decor_one_mirror, bh_walls_and_bars
D:2:      layout_loops_ring, minmay_misc_feat_columns
D:3:      layout_rooms, gammafunk_ghost_nasty_kobolds, st_stairs_3
D:4:      layout_loops_ring, minmay_temple_entry_glassed_door,
          nicolae_wooded_promenade, minmay_fractal_squares_gapless_5, uniq_pikel
D:5:      layout_gridville, serial_shops, shop, corexii_item_surrounded_by_moat,
          uniq_grinder, uniq_edmund, uniq_menkaure
D:6:      layout_loops_cross, mainiacjoe_overflow_small_starburst,
          hellmonk_no_cap
D:7:      layout_rooms, nicolae_letterblocks [nicolae_letter_subblock,
          nicolae_letter_subblock, nicolae_letter_subblock,
          nicolae_letter_subblock, nicolae_letter_subblock,
          nicolae_letter_subblock, nicolae_letter_subblock,
          nicolae_letter_subblock, nicolae_letter_subblock,
          nicolae_letter_subblock, nicolae_letter_subblock,
          nicolae_letter_subblock, nicolae_letter_subblock,
          nicolae_letter_subblock, nicolae_letter_subblock,
          nicolae_letter_subblock, nicolae_letter_subblock,
          nicolae_letter_subblock, nicolae_letter_subblock,
          nicolae_letter_subblock, nicolae_letter_subblock,
          nicolae_letter_subblock, nicolae_letter_subblock,
          nicolae_letter_subblock, nicolae_letter_subblock], uniq_duvessa
D:8:      layout_loops_ring, serial_shops, nicolae_shop_tiny_waterfront,
          nicolae_kite_square_tiling_tiny
D:9:      layout_stronghold, grunt_lair_entry_orc_guard_hut, uniq_grum,
          uniq_maurice
D:10:     layout_small_grid, hiddenorc1_lemuel, biasface_ghost_orc_armoury,
          uniq_josephine
Temple:   mainiacjoe_temple_hex_bubbles

Skill      XL: |  1  2  3  4  5  6  7  8  9 10 |
---------------+-------------------------------+-----
Maces & Flails | 3 4 5 6 8 9 |  9.4
Fighting       | 4 5 6 7 9 10 | 10.5
Armour         | 4 5 6 7 |  7.6
Shields        | 4 5 6 7 |  7.6
Invocations    | 2 |  2.8

Action                     |  1- 3 |  4- 6 |  7- 9 | 10-12 || total
---------------------------+-------+-------+-------+-------++-------
  Melee: Flail             |   145 |   153 |       |       ||   298
         Whip              |       |       |   375 |    66 ||   441
         Morningstar       |       |       |       |   178 ||   178
 Invoke: Heroism           |       |       |     3 |     6 ||     9
    Use: Scroll            |       |     4 |    10 |     3 ||    17
         Potion            |       |     5 |     1 |     7 ||    13
 Armour: Scale mail        |   114 |    96 |    13 |       ||   223
         Chain mail        |       |       |   187 |   153 ||   340
         Skin              |       |       |       |     5 ||     5
  Dodge: Dodged            |    86 |    58 |   105 |   100 ||   349
  Block: Buckler           |    28 |    36 |    60 |       ||   124
         Kite shield       |       |       |    76 |   163 ||   239

Table legend: (Time is in decaauts)
 A = Elapsed time spent in this place.
 B = Non-inter-level travel time spent in this place.
 C = Inter-level travel time spent in this place.
 D = Time resting spent in this place.
 E = Time spent auto-exploring this place.
 F = Levels seen in this place.
 G = Mean time per level.
                   A        B        C        D        E       F      G
               +--------+--------+--------+--------+--------+-----+--------+
         Total |   8776 |   7960 |    816 |   1455 |   4941 |  11 |  797.8 |
       Dungeon |   8461 |   7700 |    761 |   1455 |   4687 |  10 |  846.1 |
        Temple |    314 |    259 |     55 |      0 |    254 |   1 |  314.0 |
               +--------+--------+--------+--------+--------+-----+--------+

Top non-repeatable levels by time:
     D:9: 1406 daAuts
     D:8: 1373 daAuts
     D:4: 1282 daAuts
     D:6: 998 daAuts
     D:3: 967 daAuts
     D:1: 846 daAuts
     D:2: 587 daAuts
     D:7: 476 daAuts
     D:5: 463 daAuts
  Temple: 314 daAuts
    D:10: 59 daAuts
